 Dungeon Crawl Stone Soup version 0.23.0-28-g6fe0f4d (webtiles) character file.

Game seed: 1315017830815217590

1003 Borgoz the Ducker (level 8, -4/66 HPs)
             Began as a Ghoul Warper on Feb 25, 2019.
             Was an Initiate of Ashenzari.
             Slain by Prince Ribbit (8 damage)
             ... on level 5 of the Dungeon.
             The game lasted 00:14:37 (5530 turns).

Borgoz the Ducker (Ghoul Warper)                    Turns: 5530, Time: 00:14:38

Health: -4/66      AC:  7    Str: 15    XL:     8   Next: 20%
Magic:  9/11       EV: 13    Int:  8    God:    Ashenzari [......]
Gold:   168        SH:  0    Dex: 10    Spells: 11/13 levels left

rFire    + . .     SeeInvis .     - Unarmed
rCold    + . .     Gourm    .   (no shield)
rNeg     + + +     Faith    .   b - +2 leather armour {rF+}
rPois    ∞         Spirit   .   (no helmet)
rElec    .         Reflect  .   i - +0 cloak (curse)
rCorr    .         Harm     .   (no gloves)
MR       +....                  h - +0 pair of boots
Stlth    ++........             (no amulet)
HPRegen  0.00/turn              l - ring of protection from magic
MPRegen  0.12/turn              (no ring)

@: very slightly contaminated, rotting
A: rotting body, claws 1, carnivore, cold resistance 1, negative energy
resistance 3, inhibited regeneration, torment resistance, unbreathing
a: Curse Item, Renounce Religion


You were on level 5 of the Dungeon.
You worshipped Ashenzari.
Ashenzari was noncommittal.
You were not hungry.

You visited 2 branches of the dungeon, and saw 7 of its levels.

You collected 168 gold pieces.

Inventory:

Missiles
 d - 5 tomahawks of dispersal (quivered)
Armour
 b - a +2 leather armour of fire resistance (worn)
 h - a +0 pair of boots (worn)
 i - a cursed +0 cloak (worn)
Jewellery
 l - a ring of protection from magic (left claw)
Scrolls
 a - a scroll of identify
 e - 2 scrolls of amnesia
 g - 2 scrolls of enchant armour
Potions
 c - 2 potions of magic
 m - 2 potions of flight
Comestibles
 f - 14 rations


   Skills:
 + Level 4.1 Fighting
 - Level 0.8 Throwing
 + Level 2.9 Armour
 * Level 4.7 Dodging
 + Level 3.7 Stealth
 + Level 4.0 Unarmed Combat
 + Level 3.2 Spellcasting
 + Level 3.6 Translocations


You had 11 spell levels left.
You knew the following spells:

 Your Spells              Type           Power        Failure   Level  Hunger
a - Blink                 Tloc           N/A          13%         2    ###....

Your spell library contained the following spells:

 Spells                   Type           Power        Failure   Level  Hunger
 Gell's Gravitas          Tloc           #.........   26%         3    ####...
 Lesser Beckoning         Tloc           #.........   26%         3    ####...
 Teleport Other           Tloc           #.......     26%         3    ####...
 Shroud of Golubria       Chrm/Tloc      #.........   28%         2    ###....
 Corona                   Hex            #......      36%         1    ##.....
 Ensorcelled Hibernation  Hex/Ice        #.....       52%         2    ###....
 Passage of Golubria      Tloc           N/A          65%         4    #####..
 Confuse                  Hex            #.......     75%         3    ####...
 Dazzling Spray           Conj/Hex       #.....       75%         3    ####...
 Tukima's Dance           Hex            #.......     75%         3    ####...


Dungeon Overview and Level Annotations

Branches:
Dungeon (6/15)             Temple (1/1) D:5

Altars:
Ashenzari
Cheibriados
Dithmenos
Elyvilon
Fedhas
Gozag
Hepliaklqana
Kikubaaqudgha
Makhleb
Nemelex Xobeh
Okawaru
Qazlal
Ru
Sif Muna
Trog
Uskayaw
Vehumet
Wu Jian
Xom
Yredelemnul
Zin
The Shining One

Annotations:
D:5 Prince Ribbit, Sigmund


Innate Abilities, Weirdness & Mutations

Your body is rotting away.
You thrive on raw meat.
You are immune to poison.
You have sharp fingernails.
You are carnivorous and can eat meat at any time.
Your flesh is cold resistant. (rC+)
You are immune to negative energy. (rN+++)
You do not regenerate when monsters are visible.
You are immune to unholy pain and torment.
You can survive without breathing.


Message History

You eat one of the 2 chunks of flesh.
This raw flesh tastes great!
Prince Ribbit hits you.
* * * LOW HITPOINT WARNING * * *
Eat a chunk of flesh? (ye/n/q)
You eat the chunk of flesh.
This raw flesh tastes great!
Prince Ribbit hits you!
* * * LOW HITPOINT WARNING * * *
Okay, then.
Okay, then.
Casting: Blink (safe; 13% risk of failure)
Confirm with . or Enter, or press ? or * to list all spells.
You miscast Blink.
You are very lightly contaminated with residual magic.
Nothing appears to happen.
Prince Ribbit barely misses you.
Prince Ribbit blinks!
Okay, then.
Found an uncursed rapier.
There is a stone staircase leading down here.
Prince Ribbit hits you!
You die...

######.#######
.......# #.#
######## #)# # #.#
# #.# ##########.#
#.......##.#
#.......##.#
#.......##@######.#
#.......##.F......#
#........÷..†.....#
#.......#####...#.#
#.......# ...#
#.......# ..#
###.##### .# #.# .#
#.#


You could see Prince Ribbit.

Vanquished Creatures
  A black bear (D:6)
  A sky beast (D:5)
  An ogre (D:6)
  A phantom (D:6)
  Blork the orc (D:5)
  2 scorpions
  A howler monkey (D:5)
  A hound (D:4)
  An orc priest (D:4)
  A bullfrog skeleton (D:4)
  An iguana (D:5)
  2 worker ants (D:4)
  A hound skeleton (D:4)
  8 gnolls (D:4)
  11 adders
  A worm (D:5)
  3 dart slugs
  5 leopard geckos
  10 orcs
  2 ball pythons
  6 bats
  5 giant cockroaches
  11 goblins
  5 hobgoblins
  2 jackals (D:1)
  5 kobolds
  2 quokkas
  7 frilled lizards
  A leopard gecko zombie (D:6)
  A quokka skeleton (D:3)
  4 rats
104 creatures vanquished.

Vanquished Creatures (others)
  A ghoul (D:1)
  A draconian (D:1)
  2 octopodes (D:1)
  A gargoyle (D:1)
  An elf (D:1)
  A formicid (D:1)
  A spriggan (D:1)
  2 dwarves (D:1)
  A centaur (D:1)
  A mummy (D:1)
  6 tentacles (D:1)
18 creatures vanquished.

Grand Total: 122 creatures vanquished

Notes
Turn   | Place    | Note
-------+----------+-------------------------------------------
     0 | D:1      | Borgoz the Ghoul Warper began the quest for the Orb.
     0 | D:1      | Reached XP level 1. HP: 17/17 MP: 2/2
     0 | D:1      | Noticed a dwarf
     0 | D:1      | Noticed an elf
     0 | D:1      | Noticed a spriggan
     0 | D:1      | Noticed a centaur
     0 | D:1      | Noticed a formicid
     0 | D:1      | Noticed a kraken
     0 | D:1      | Noticed a draconian
     0 | D:1      | Noticed an octopode
     0 | D:1      | Noticed a ghoul
     0 | D:1      | Noticed a gargoyle
     0 | D:1      | Noticed a dwarf
     0 | D:1      | Noticed an octopode
     3 | D:1      | Killed a dwarf
     4 | D:1      | Killed a centaur
     5 | D:1      | Killed a gargoyle
     6 | D:1      | Killed a spriggan
     6 | D:1      | Killed a dwarf
     7 | D:1      | Killed an octopode
     7 | D:1      | Killed a draconian
     8 | D:1      | Killed an octopode
     9 | D:1      | Killed an elf
    11 | D:1      | Killed a formicid
    13 | D:1      | Killed a ghoul
    43 | D:1      | Reached skill level 1 in Armour
    69 | D:1      | Reached XP level 2. HP: 11/24 MP: 3/3
   177 | D:1      | Reached skill level 1 in Stealth
   267 | D:1      | Reached XP level 3. HP: 22/30 MP: 4/4
   705 | D:2      | Reached XP level 4. HP: 33/37 MP: 6/6
   766 | D:2      | Found a deep blue altar of Sif Muna.
   766 | D:2      | Found a snail-covered altar of Cheibriados.
   780 | D:2      | Found a sparkling altar of Nemelex Xobeh.
   782 | D:2      | Found a basalt altar of Yredelemnul.
   783 | D:2      | Found a faded altar of an unknown god.
   968 | D:2      | Found a faded altar of an unknown god.
  1265 | D:3      | Learned a level 2 spell: Blink
  1515 | D:3      | Reached XP level 5. HP: 35/44 MP: 7/7
  2036 | D:4      | Noticed an ice beast
  2577 | D:4      | Reached XP level 6. HP: 33/50 MP: 8/8
  3703 | D:4      | Reached XP level 7. HP: 25/55 MP: 8/10
  3914 | D:5      | Entered Level 5 of the Dungeon
  3915 | D:5      | Found a staircase to the Ecumenical Temple.
  3922 | Temple   | Entered the Ecumenical Temple
  4114 | Temple   | Became a worshipper of Ashenzari the Shackled
  4167 | D:5      | Noticed Blork the orc
  4179 | D:5      | Killed Blork the orc
  4661 | D:5      | Noticed Sigmund
  4924 | D:6      | Reached XP level 8. HP: 53/66 MP: 11/11
  5487 | D:5      | Noticed Prince Ribbit
  5530 | D:5      | Slain by Prince Ribbit

Skill      XL: |  1  2  3  4  5  6  7  8 |
---------------+-------------------------+-----
Armour         | 1 2 |  2.9
Dodging        | 2 3 4 |  4.7
Stealth        | 1 2 3 |  3.7
Spellcasting   | 2 3 |  3.2
Fighting       | 3 4 |  4.1
Unarmed Combat | 3 4 |  4.0
Translocations | 3 |  3.6
Throwing       | |  0.8

Action                   |  1- 3 |  4- 6 |  7- 9 || total
-------------------------+-------+-------+-------++-------
Melee: Unarmed           |   153 |   309 |   142 ||   604
       Punch             |       |     3 |     3 ||     6
  Use: Scroll            |     2 |     5 |       ||     7
       Potion            |       |     8 |       ||     8
 Stab: Sleeping          |       |     2 |     4 ||     6
  Eat: Chunk             |    11 |    30 |    13 ||    54
Armor: Leather armour    |    56 |    75 |    38 ||   169
Dodge: Dodged            |   118 |   189 |    76 ||   383
